 Dungeon Crawl Stone Soup version 0.27-a0-1139-g28e009f8a6 (webtiles) character file.

Game seed: 5523672984271118054

317 IdlyInterested the Slasher (level 6, 0/47 HPs)
             Began as a Demonspawn Gladiator on May 7, 2021.
             Succumbed to an adder's poison
             ... on level 4 of the Dungeon.
             The game lasted 00:12:21 (3389 turns).

IdlyInterested the Slasher (Demonspawn Gladiator)   Turns: 3389, Time: 00:12:22

Health: 0/47       AC: 11    Str: 17    XL:     6   Next: 20%
Magic:  6/6        EV: 11    Int:  9    God:
Gold:   103        SH:  0    Dex: 18    Spells: 5/5 levels left

rFire    . . .     SeeInvis .   a - +1 long sword
rCold    . . .     Faith    .   (no shield)
rNeg     . . .     Spirit   .   h - +0 scale mail
rPois    .         Reflect  .   c - +0 helmet
rElec    .         Harm     .   o - +2 cloak
rCorr    .         Rampage  .   (no gloves)
Will     .....                  (no boots)
Stlth    +++.......             (no amulet)
HPRegen  0.15/turn              (no ring)
MPRegen  0.10/turn              (no ring)

@: lethally poisoned (0 -> -7)
A: thin skeletal structure 2, demonic magic 1
a: no special abilities


You were on level 4 of the Dungeon.
You visited 1 branch of the dungeon, and saw 4 of its levels.

You collected 103 gold pieces.

Inventory:

Hand Weapons
 a - a +1 long sword (weapon)
 m - a +0 dagger of venom
Missiles
 g - 153 stones (quivered)
 k - a throwing net
Armour
 b - a +0 leather armour
 c - a +0 helmet (worn)
 f - a +0 ring mail
 h - a +0 scale mail (worn)
 j - a scarf of harm
 o - a +2 cloak (worn)
 r - a +0 robe
Magical Staves
 l - a staff of fire
Wands
 d - a wand of polymorph (9)
Scrolls
 i - a scroll of identify
 n - 2 scrolls of teleportation
Potions
 p - 2 potions of brilliance


   Skills:
 - Level 3.0 Fighting
 * Level 3.7 Long Blades
 - Level 2.0 Throwing
 - Level 3.0 Armour
 * Level 3.3 Dodging
 - Level 2.0 Stealth
 * Level 1.3 Evocations


You had 5 spell levels left.
You didn't know any spells.
Your spell library was empty.

Dungeon Overview and Level Annotations

Branches:
Dungeon (4/15)
 Temple: D:4-7

Altars:
Hepliaklqana
Xom


Innate Abilities, Weirdness & Mutations

You have a moderately thin skeletal structure. (Dex +4, Stealth++)
Spells you cast may paralyse adjacent enemies.


Message History

You barely miss the orc priest.
The orc priest is almost dead.
The adder bites you but does no damage. The orc priest hits you with a +0 mace.
The orc hits you from afar with a +0 trident.
* * * LOW HITPOINT WARNING * * *
The orc wizard barely misses you.
You riposte.
You closely miss the orc wizard. The adder bites you but does no damage.
You slash the orc priest!
You kill the orc priest!
The orc barely misses you. The orc wizard barely misses you.
The adder bites you but does no damage. The adder bites you but does no damage.
The orc wizard barely misses you. The adder bites you but does no damage.
You see here a +0 mace.
The adder bites you but does no damage.
The orc wizard gestures at you while chanting.
You are confused.
You closely miss the adder. The adder closely misses you.
You hit the adder.
The adder is moderately wounded.
The adder bites you but does no damage. x2
You bump into the rock wall.
The adder bites you.
* * * LOW HITPOINT WARNING * * *
You are poisoned.
The adder poisons you!
You completely miss the adder.
The adder is moderately wounded.
You feel less confused.
You feel sick. The adder bites you.
* * * LOW HITPOINT WARNING * * *
You are lethally poisoned!
The adder poisons you! The adder bites you but does no damage.
You slash the adder!
You kill the adder!
* * * LOW HITPOINT WARNING * * *
You feel very sick.
The orc wizard gestures at you while chanting.
The magic dart hits you.
* * * LOW HITPOINT WARNING * * *
You die...

####....
#......
#....# #....#
#.)..# #o...#
# #)<..#
#.####....###
#..@oo.....#
#.###....#.#
#. .....# #
#. .#....# ..
....#.# #..
#...... ..
........ #.
.... ..


You could see an orc wizard and an orc.

Vanquished Creatures
  Sigmund (D:3)
  Crazy Yiuf (D:3)
  An orc priest (D:4)
  Terence (D:3)
  An adder (D:4)
  3 dart slugs (D:1)
  2 orcs
  4 bats
  5 endoplasms
  A giant cockroach (D:1)
  5 hobgoblins
  9 jackals
  A quokka (D:2)
  10 ball pythons
  2 frilled lizards (D:1)
  5 goblins
  6 kobolds
  10 rats
68 creatures vanquished.

Vanquished Creatures (others)
  15 plants (D:1)
15 creatures vanquished.

Grand Total: 83 creatures vanquished

Notes
Turn   | Place    | Note
-------+----------+-------------------------------------------
     0 | D:1      | IdlyInterested the Demonspawn Gladiator began the quest for
                  | the Orb.
     0 | D:1      | Reached XP level 1. HP: 16/16 MP: 1/1
   336 | D:1      | Gained mutation: You have a somewhat thin skeletal
                  | structure. (Dex +2, Stealth+) [demonic ancestry]
   336 | D:1      | Reached XP level 2. HP: 22/22 MP: 2/2
   504 | D:1      | Found a faded altar of an unknown god.
  1130 | D:1      | Reached XP level 3. HP: 26/27 MP: 3/3
  1231 | D:1      | Reached skill level 1 in Armour
  1674 | D:2      | Reached skill level 1 in Stealth
  2356 | D:3      | Found a hazy altar of Hepliaklqana.
  2394 | D:3      | Gained mutation: Spells you cast may paralyse adjacent
                  | enemies. [demonic ancestry]
  2394 | D:3      | Reached XP level 4. HP: 30/34 MP: 4/4
  2426 | D:3      | Found a shimmering altar of Xom.
  2772 | D:3      | Noticed Terence
  2794 | D:3      | Killed Terence
  2968 | D:3      | Noticed Sigmund
  2983 | D:3      | Killed Sigmund
  2984 | D:3      | Gained mutation: You have a moderately thin skeletal
                  | structure. (Dex +4, Stealth++) [demonic ancestry]
  2984 | D:3      | Reached XP level 5. HP: 41/41 MP: 5/5
  3154 | D:3      | Found a runed translucent door.
  3155 | D:3      | Noticed Crazy Yiuf
  3170 | D:3      | Killed Crazy Yiuf
  3171 | D:3      | Reached skill level 1 in Evocations
  3171 | D:3      | Reached XP level 6. HP: 9/47 MP: 6/6
  3388 | D:4      | HP: 2/47 [poisoned by an adder]
  3389 | D:4      | Succumbed to an adder's poison

Illustrated notes

Levels and vault maps discovered:
D:1:      roderic_crop_circles_arrival_small, layout_basic,
          hellmonk_ecumenical_altar_slurped_away
D:2:      layout_rooms
D:3:      layout_loops_ring, overflow_temple_1_default, old_standard_altar,
          grunt_decor_cap, uniq_terence, uniq_crazy_yiuf_cottage, uniq_sigmund
D:4:      cheibrodos_barr_body, layout_basic, general_overflow_altar

Skill      XL: |  1  2  3  4  5 |
---------------+----------------+-----
Long Blades    | 3 |  3.7
Dodging        | 3 |  3.3
Throwing       | 2 |  2.0
Armour         | 1 3 |  3.0
Stealth        | 1 2 |  2.0
Fighting       | 3 |  3.0
Evocations     | 1 |  1.3

Action                   |  1- 3 |  4- 6 || total
-------------------------+-------+-------++-------
Melee: Long sword        |   120 |    24 ||   144
       Dagger            |       |    17 ||    17
Throw: Stone             |    39 |     4 ||    43
       Throwing net      |       |     3 ||     3
  Use: Scroll            |     5 |     2 ||     7
       Potion            |     2 |     2 ||     4
 Stab: Sleeping          |     2 |     3 ||     5
       Held in net/web   |       |     2 ||     2
Armor: Leather armour    |     4 |       ||     4
       Scale mail        |    40 |    20 ||    60
Dodge: Dodged            |    80 |    22 ||   102
       Rpst.: Long sword |    25 |     7 ||    32

Table legend: (Time is in decaauts)
 A = Elapsed time spent in this place.
 B = Non-inter-level travel time spent in this place.
 C = Inter-level travel time spent in this place.
 D = Time resting spent in this place.
 E = Time spent auto-exploring this place.
 F = Levels seen in this place.
 G = Mean time per level.
                   A        B        C        D        E       F      G
               +--------+--------+--------+--------+--------+-----+--------+
         Total |   3420 |   3305 |    115 |   1309 |   1363 |   4 |  855.0 |
       Dungeon |   3420 |   3305 |    115 |   1309 |   1363 |   4 |  855.0 |
               +--------+--------+--------+--------+--------+-----+--------+

Top non-repeatable levels by time:
     D:1: 1619 daAuts
     D:3: 1262 daAuts
     D:2: 516 daAuts
     D:4: 22 daAuts
